 Dungeon Crawl Stone Soup version 0.29.1-1-gd02db6906a (webtiles) character file.

Game seed: 6816653449030190933

113 croobank the Caller (level 4, 0/27 HPs)
             Began as an Octopode Summoner on Oct 5, 2022.
             Slain by an orc wizard
             ... wielding a +1 dagger of freezing
              (5 damage)
             ... on level 3 of the Dungeon.
             The game lasted 00:06:43 (2791 turns).

croobank the Caller (Octopode Summoner)             Turns: 2791, Time: 00:06:43

Health: 0/27       AC:  1    Str:  7    XL:     4   Next: 96%
Magic:  8/8        EV: 13    Int: 19    God:
Gold:   144        SH:  0    Dex: 12    Spells: 2/8 levels left

rFire   . . .      SeeInvis .   q - +0 flail
rCold   . . .      Faith    .   (no shield)
rNeg    . . .      Spirit   .   (helmet restricted)
rPois   .          Reflect  .   (no amulet)
rElec   .          Harm     .   (no ring)
rCorr   .          Rampage  .   (no ring)
Will    .....                   (no ring)
Stlth   +++.......              (no ring)
HPRegen 0.09/turn               (no ring)
MPRegen 0.11/turn               (no ring)
                                (no ring)
                                (no ring)

@: no status effects
A: almost no armour, amphibious, 8 rings, camouflage 1, gelatinous body 1,
(nimble swimmer 1), tentacles
a: no special abilities


You were on level 3 of the Dungeon.
You visited 1 branch of the dungeon, and saw 3 of its levels.

You collected 144 gold pieces.

Inventory:

Hand Weapons
 b - a +0 short sword of draining
 j - a +0 hand axe
 q - a +0 flail (weapon)
Missiles
 s - 3 datura-tipped darts (quivered)
 t - 3 poisoned darts
Magical Staves
 g - a staff of cold
Jewellery
 n - a ring of positive energy
Scrolls
 d - 2 scrolls of teleportation {unknown}
 h - 4 scrolls of identify {unknown}
 i - 2 scrolls of poison {unknown}
 k - a scroll of silence {unknown}
 l - a scroll of fear {unknown}
 o - a scroll of blinking {unknown}
 p - a scroll of immolation {unknown}
Potions
 a - a potion of magic
 c - 2 potions of might {unknown}
 e - a potion of curing
 f - a potion of attraction {unknown}
 m - a potion of degeneration {unknown}
 r - a potion of ambrosia {unknown}


   Skills:
 + Level 3.0 Dodging
 + Level 4.1 Stealth
 + Level 2.8 Spellcasting
 + Level 4.6 Summonings


You had 2 spell levels left.
You knew the following spells:

 Your Spells              Type           Power      Damage    Failure   Level
a - Summon Small Mammal   Summ           80%        N/A       2%          1
b - Call Imp              Summ           20%        N/A       3%          2
c - Call Canine Familiar  Summ           20%        N/A       7%          3

Your spell library contained the following spells:

 Spells                   Type           Power      Damage    Failure   Level
 Summon Guardian Golem    Hex/Summ       11%        N/A       19%         3
 Gell's Gravitas          Tloc           2%         N/A       43%         3
 Lesser Beckoning         Tloc           2%         N/A       43%         3
 Teleport Other           Tloc           2%         N/A       43%         3
 Summon Lightning Spire   Summ/Air       11%        N/A       52%         4
 Hailstorm                Conj/Ice       2%         3d3       83%         4
 Ice Form                 Ice/Tmut       2%         N/A       83%         4
 Simulacrum               Ice/Necr       1%         N/A       100%        6


Dungeon Overview and Level Annotations

Branches:
Dungeon (3/15)

Altars:


Innate Abilities, Weirdness & Mutations

You cannot wear most types of armour.
You are amphibious.
You can wear up to eight rings at the same time.
Your skin changes colour to match your surroundings (Stealth+).
Your rubbery body absorbs attacks. (AC +1, EV +1)
((You are camouflaged when in or above water. (Stealth+)))
You have tentacles for arms and can constrict up to eight enemies at once.


Message History

You hear some strange, mumbled words.
Your hound appears confused.
Your hound completely misses something.
Your hound bites something.
Something barely misses your hound. Something barely misses your hound.
A puff of flame appears from out of thin air!
The puff of flame hits something!
Reactivating autopickup.
You feel a bit more experienced.
Your Dodging skill increases to level 3!
Deactivating autopickup; reactivate with Ctrl-A.
You barely miss something. You squeeze something. Something barely misses you.
You barely miss something. Something hits you. Something freezes you.
You miss something. Your squeeze misses something. Something hits you.
Something freezes you. Something barely misses you.
The endoplasm jiggles.
You barely miss something. Your squeeze misses something.
Something hits you but does no damage.
You aren't carrying any items that you can evoke.
Throw: 5 darts (datura)
Press: ? - help, Q - select action, (/) - cycle Shift-Dir - straight line You throw a datura-tipped dart.
Something hits you. Something freezes you.
* * * LOW HITPOINT WARNING * * *
The endoplasm jiggles.
Throw: 4 darts (datura)
Press: ? - help, Q - select action, (/) - cycle Shift-Dir - straight line You throw a datura-tipped dart.
Something hits you.
* * * LOW HITPOINT WARNING * * *
Something freezes you.
* * * LOW HITPOINT WARNING * * *
You feel better. Something hits you. Something freezes you.
* * * LOW HITPOINT WARNING * * *
You hit something. Your squeeze misses something. Something hits you.
* * * LOW HITPOINT WARNING * * *
Something freezes you.
* * * LOW HITPOINT WARNING * * *
Something hits you.
You die...

# #. #.#..
.....########
#...........#
###.......###.#
.......##.###.###
#..............##
#.#.<.##..##..#@#
#.##..##.#...###{J)....
#.##....###...# ######.
#.###.##.#>..#.#
#.###.##..####.#
#.........# #
#..##.###...# ##..##.#
##.# ....##.# .#


You could see an endoplasm.

Vanquished Creatures
  3 adders (D:2)
  A dart slug (D:1)
  2 ball pythons (D:2)
  2 endoplasms
  2 giant cockroaches (D:2)
  2 goblins (D:2)
  2 hobgoblins (D:1)
  3 quokkas
  A bat (D:1)
  A frilled lizard (D:1)
  2 kobolds
  3 rats
24 creatures vanquished.

Vanquished Creatures (collateral kills)
  An orc wizard (D:2)
  5 orcs
  2 endoplasms
  A hobgoblin (D:1)
  2 kobolds
  A quokka (D:1)
  A ball python (D:1)
  2 frilled lizards
  3 goblins
  2 rats
20 creatures vanquished.

Vanquished Creatures (others)
  An orc wizard (D:3)
  A fungus (D:2)
2 creatures vanquished.

Grand Total: 46 creatures vanquished

Notes
Turn   | Place    | Note
-------+----------+-------------------------------------------
     0 | D:1      | croobank the Octopode Summoner began the quest for the Orb.
     0 | D:1      | Reached XP level 1. HP: 11/11 MP: 3/3
   457 | D:1      | Reached XP level 2. HP: 8/17 MP: 0/5
   462 | D:1      | Learned a level 2 spell: Call Imp
  1642 | D:2      | Reached XP level 3. HP: 18/21 MP: 1/6
  1646 | D:2      | Learned a level 3 spell: Call Canine Familiar
  1835 | D:2      | Reached XP level 4. HP: 27/27 MP: 7/7
  2506 | D:2      | Found a faded altar of an unknown god.
  2791 | D:3      | Slain by an orc wizard

Illustrated notes

Levels and vault maps discovered:
D:1:      tarquinn_simple_flora_water_f, layout_loops_ring, serial_forest,
          infiniplex_forest_lined_2, infiniplex_forest_end_3,
          infiniplex_forest_lined_ring, infiniplex_forest_clump_cross,
          infiniplex_forest_side_room, infiniplex_forest_fountain,
          infiniplex_forest_end_2
D:2:      layout_rooms, shapermc_ecumenical_altar_acropolis,
          minmay_misc_feat_diagonals
D:3:      layout_loops_ring, minivault_11

Skill      XL: |  1  2  3  4 |
---------------+-------------+-----
Stealth        | 3 4 |  4.1
Dodging        | 3 |  3.0
Spellcasting   | |  2.8
Summonings     | |  4.6

Action                   |  1- 3 |  4- 6 || total
-------------------------+-------+-------++-------
Melee: Unarmed           |     6 |       ||     6
       Tentacles         |     3 |     5 ||     8
       Short sword       |    21 |    14 ||    35
       Constrict         |     6 |     6 ||    12
       Flail             |       |    13 ||    13
Throw: Dart              |       |     2 ||     2
 Cast: Summon Small Mamm |    32 |    14 ||    46
       Call Canine Famil |     2 |     1 ||     3
       Call Imp          |     1 |     3 ||     4
  Use: Potion            |       |     2 ||     2
 Stab: Sleeping          |     3 |     4 ||     7
Armor: Skin              |     1 |     2 ||     3
Dodge: Dodged            |    20 |    11 ||    31
